SL
GRAFTON MIDDIES @ FT. WORTH CATTLEMEN
08/17/2028
 
TOP OF THE 1ST
Grafton Middies batting - Pitching for Ft. Worth Cattlemen : RHP Aaron Wise
Pitching: RHP Aaron Wise
Batting: RHB Orlando Reyes 0-0: Called Strike
0-1: Called Strike
0-2: Strikes out swinging
Batting: RHB Carlos Maldonado 0-0: Swinging Strike
0-1: Called Strike
0-2: Ball
1-2: Ball
2-2: Ball
3-2: Strikes out swinging
Batting: LHB Mario Ramos 0-0: Ball
1-0: Ball
2-0: Fly out, F3 (Popup, 3L)
Top of the 1st over - 0 run(s), 0 hit(s), 0 error(s), 0 left on base; Grafton 0 - Ft. Worth 0
BOTTOM OF THE 1ST
Ft. Worth Cattlemen batting - Pitching for Grafton Middies : LHP Luis Torres
Pitching: LHP Luis Torres
Batting: LHB Ryan Westlake 0-0: Ball
1-0: Swinging Strike
1-1: SOLO HOME RUN (Flyball, 9D), Distance : 376 ft
Batting: SHB Marcos Roa 0-0: Fly out, F8 (Line Drive, 8LD)
Batting: SHB Robby Day 0-0: Ball
1-0: Swinging Strike
1-1: Called Strike
1-2: Foul Ball, location: 2F
1-2: Fly out, F9 (Flyball, 9LD)
Batting: RHB Bart Lewis 0-0: Called Strike
0-1: Ground out 6-3 (Groundball, 6S)
Bottom of the 1st over - 1 run(s), 1 hit(s), 0 error(s), 0 left on base; Grafton 0 - Ft. Worth 1
TOP OF THE 2ND
Grafton Middies batting - Pitching for Ft. Worth Cattlemen : RHP Aaron Wise
Batting: RHB Stefano Gaddi 0-0: Ground out 1-3 (Groundball, 13)
Batting: RHB Dave Ash 0-0: Ball
1-0: Ball
2-0: Ball
3-0: Base on Balls
Batting: RHB Scotty Anderson 0-0: Ball
1-0: Swinging Strike
1-1: Foul Ball, location: 2F
1-2: Ball
2-2: Strikes out looking
Batting: RHB Octávio Beltzán 0-0: Ball
1-0: Ball
2-0: Called Strike
2-1: Foul Ball, location: 2F
2-2: Foul Ball, location: 2F
2-2: Strikes out looking
Top of the 2nd over - 0 run(s), 0 hit(s), 0 error(s), 1 left on base; Grafton 0 - Ft. Worth 1
BOTTOM OF THE 2ND
Ft. Worth Cattlemen batting - Pitching for Grafton Middies : LHP Luis Torres
Batting: LHB Chris Etheridge 0-0: Called Strike
0-1: Ground out U3 (Groundball, 34)
Batting: LHB Nobuo Yamashita 0-0: Ball
1-0: Called Strike
1-1: Foul Ball, location: 2F
1-2: Foul Ball, location: 2F
1-2: Strikes out swinging
Batting: RHB Orlando Montoya 0-0: Ground out 5-3 (Groundball, 56S)
Bottom of the 2nd over - 0 run(s), 0 hit(s), 0 error(s), 0 left on base; Grafton 0 - Ft. Worth 1
TOP OF THE 3RD
Grafton Middies batting - Pitching for Ft. Worth Cattlemen : RHP Aaron Wise
Batting: LHB Jorge Flores 0-0: Called Strike
0-1: Foul Ball, location: 2F
0-2: Ball
1-2: Ground out 6-3 (Groundball, 6M)
Batting: RHB Ramón Gómez 0-0: Ground out 4-3 (Groundball, 4)
Batting: RHB Orlando Reyes 0-0: Foul Ball, location: 2F
0-1: Ball
1-1: Swinging Strike
1-2: Ground out 4-3 (Groundball, 4M)
Top of the 3rd over - 0 run(s), 0 hit(s), 0 error(s), 0 left on base; Grafton 0 - Ft. Worth 1
BOTTOM OF THE 3RD
Ft. Worth Cattlemen batting - Pitching for Grafton Middies : LHP Luis Torres
Batting: LHB Jesús Morales 0-0: Called Strike
0-1: Fly out, F4 (Line Drive, 4)
Batting: RHB Tim Burney 0-0: SINGLE (Groundball, 6D)
Batting: LHB Ryan Westlake 0-0: Ball
1-0: SINGLE (Line Drive, 6MD)
Tim Burney to second
Batting: SHB Marcos Roa 0-0: Ball
1-0: Foul Ball, location: 2F
1-1: SINGLE (Line Drive, 56D)
Tim Burney to third
Ryan Westlake to second
Batting: SHB Robby Day 0-0: Foul Ball, location: 2F
0-1: Foul Ball, location: 2F
0-2: Foul Ball, location: 2F
0-2: Ball
1-2: Fly out, F8 (Flyball, 8LM)
Runner from 3rd tags up, OUT at HOME
Bottom of the 3rd over - 0 run(s), 3 hit(s), 0 error(s), 2 left on base; Grafton 0 - Ft. Worth 1
TOP OF THE 4TH
Grafton Middies batting - Pitching for Ft. Worth Cattlemen : RHP Aaron Wise
Batting: RHB Carlos Maldonado 0-0: Ball
1-0: Ball
2-0: Called Strike
2-1: Called Strike
2-2: Strikes out looking
Batting: LHB Mario Ramos 0-0: Ball
1-0: Called Strike
1-1: DOUBLE (Flyball, 8LXD)
Batting: RHB Stefano Gaddi 0-0: Foul Ball, location: 2F
0-1: Ball
1-1: Foul Ball, location: 2F
1-2: Fly out, F8 (Flyball, 8LS)
Batting: RHB Dave Ash 0-0: SINGLE (Line Drive, 7LS)
Mario Ramos to third
Throwing error, E7
Mario Ramos scores
Dave Ash to second
Batting: RHB Scotty Anderson 0-0: Ball
1-0: Ground out 5-3 (Groundball, 56)
Top of the 4th over - 1 run(s), 2 hit(s), 1 error(s), 1 left on base; Grafton 1 - Ft. Worth 1
BOTTOM OF THE 4TH
Ft. Worth Cattlemen batting - Pitching for Grafton Middies : LHP Luis Torres
Batting: RHB Bart Lewis 0-0: Called Strike
0-1: Foul Ball, location: 2F
0-2: Ball
1-2: Ball
2-2: Ball
3-2: Base on Balls
Batting: LHB Chris Etheridge 0-0: Called Strike
0-1: Ball
1-1: Foul Ball, location: 2F
1-2: Strikes out looking
Batting: LHB Nobuo Yamashita 0-0: Fielders Choice at 2nd, 4-6 (Groundball, 4)
Batting: RHB Orlando Montoya 0-0: Ball
Nobuo Yamashita steals 2nd base
1-0: Foul Ball, location: 2F
1-1: Ball
2-1: Ground out 5-3 (Groundball, 5)
Bottom of the 4th over - 0 run(s), 0 hit(s), 0 error(s), 1 left on base; Grafton 1 - Ft. Worth 1
TOP OF THE 5TH
Grafton Middies batting - Pitching for Ft. Worth Cattlemen : RHP Aaron Wise
Batting: RHB Octávio Beltzán 0-0: Called Strike
0-1: Ball
1-1: Swinging Strike
1-2: Reached on error, E8 (Flyball, 8LM)
Batting: LHB Jorge Flores 0-0: Ball
1-0: Sac Bunt - play at first, batter OUT! 5-4
Octávio Beltzán to second
Batting: RHB Ramón Gómez 0-0: Ball
Octávio Beltzán steals 3rd base
1-0: Foul Ball, location: 2F
1-1: Ball
2-1: Ground out 1-3 (Groundball, 13S)
Batting: RHB Orlando Reyes 0-0: Called Strike
0-1: Swinging Strike
0-2: Ball
1-2: Strikes out looking
Top of the 5th over - 0 run(s), 0 hit(s), 1 error(s), 1 left on base; Grafton 1 - Ft. Worth 1
BOTTOM OF THE 5TH
Ft. Worth Cattlemen batting - Pitching for Grafton Middies : LHP Luis Torres
Batting: LHB Jesús Morales 0-0: Ball
1-0: Ball
2-0: DOUBLE (Line Drive, 9LS)
Batting: RHB Tim Burney 0-0: Intentional Walk
Batting: LHB Ryan Westlake 0-0: Ball
1-0: Bunted foul
1-1: Bunted foul
1-2: Ball
2-2: Ball
3-2: Fielders Choice at 2nd, 3-6 (Groundball, 34)
Jesús Morales to third
Batting: SHB Marcos Roa 0-0: Ball
1-0: Fly out, F6 (Popup, 6D)
Batting: SHB Robby Day 0-0: Fly out, F4 (Popup, 4)
Bottom of the 5th over - 0 run(s), 1 hit(s), 0 error(s), 2 left on base; Grafton 1 - Ft. Worth 1
TOP OF THE 6TH
Grafton Middies batting - Pitching for Ft. Worth Cattlemen : RHP Aaron Wise
Batting: RHB Carlos Maldonado 0-0: SINGLE (Groundball, 56D)
Batting: LHB Mario Ramos 0-0: Ball
1-0: Ball
2-0: Ball
3-0: Base on Balls
Carlos Maldonado to second
Batting: RHB Stefano Gaddi 0-0: TRIPLE (Flyball, 8LXD)
Carlos Maldonado scores
Mario Ramos scores
Batting: RHB Dave Ash 0-0: Intentional Walk
Batting: RHB Scotty Anderson 0-0: Ball
1-0: Ball
2-0: Ball
3-0: Base on Balls
Dave Ash to second
Batting: RHB Octávio Beltzán 0-0: Ball
1-0: Ball
2-0: Ball
3-0: Base on Balls
Stefano Gaddi scores
Dave Ash to third
Scotty Anderson to second
Batting: LHB Jorge Flores 0-0: Ball
1-0: Ball
2-0: Called Strike
2-1: Called Strike
2-2: Foul Ball, location: 2F
2-2: Ball
3-2: Foul Ball, location: 2F
3-2: Foul Ball, location: 2F
3-2: DOUBLE (Line Drive, 89M)
Dave Ash scores
Scotty Anderson scores
Octávio Beltzán to third
Pitching: RHP Enrique Cortéz
Batting: RHB Ramón Gómez 0-0: Ball
1-0: Ball
2-0: Ball
3-0: Base on Balls
Batting: RHB Orlando Reyes 0-0: Called Strike
0-1: Ball
1-1: Foul Ball, location: 2F
1-2: Ball
2-2: Ball
3-2: Grounds into double play, 6-4-3 (Groundball, 6)
Octávio Beltzán scores
Jorge Flores to third
Batting: RHB Carlos Maldonado 0-0: Called Strike
0-1: Called Strike
0-2: Ball
1-2: TRIPLE (Line Drive, 8RXD)
Jorge Flores scores
Pinch Runner at 3rd Jorge López:
Batting: LHB Mario Ramos 0-0: Called Strike
0-1: Ground out U3 (Groundball, 34)
Top of the 6th over - 7 run(s), 4 hit(s), 0 error(s), 1 left on base; Grafton 8 - Ft. Worth 1
BOTTOM OF THE 6TH
Ft. Worth Cattlemen batting - Pitching for Grafton Middies : LHP Luis Torres
Now at SS: Jorge López
Batting: RHB Bart Lewis 0-0: Ball
1-0: Swinging Strike
1-1: Ground out 4-3 (Groundball, 4)
Batting: LHB Chris Etheridge 0-0: Called Strike
0-1: SINGLE (Groundball, 56) (infield hit)
Batting: LHB Nobuo Yamashita 0-0: Ball
1-0: Called Strike
1-1: Swinging Strike
1-2: Ball
2-2: Fly out, F5 (Line Drive, 5)
Batting: RHB Orlando Montoya 0-0: Called Strike
0-1: Ball
1-1: Called Strike
Chris Etheridge steals 2nd base
1-2: Foul Ball, location: 2F
1-2: Ball
2-2: Ground out 6-3 (Groundball, 6D)
Bottom of the 6th over - 0 run(s), 1 hit(s), 0 error(s), 1 left on base; Grafton 8 - Ft. Worth 1
TOP OF THE 7TH
Grafton Middies batting - Pitching for Ft. Worth Cattlemen : RHP Enrique Cortéz
Batting: RHB Stefano Gaddi 0-0: Ball
1-0: Ball
2-0: Fly out, F9 (Flyball, 89M)
Batting: RHB Dave Ash 0-0: Swinging Strike
0-1: Swinging Strike
0-2: Strikes out swinging
Batting: RHB Scotty Anderson 0-0: Ball
1-0: Ball
2-0: Ball
3-0: Called Strike
3-1: SINGLE (Flyball, 8LS)
Batting: RHB Octávio Beltzán 0-0: Called Strike
0-1: Called Strike
0-2: Strikes out swinging
Top of the 7th over - 0 run(s), 1 hit(s), 0 error(s), 1 left on base; Grafton 8 - Ft. Worth 1
BOTTOM OF THE 7TH
Ft. Worth Cattlemen batting - Pitching for Grafton Middies : LHP Luis Torres
Batting: LHB Jesús Morales 0-0: Swinging Strike
0-1: Called Strike
0-2: Strikes out swinging
Batting: RHB Tim Burney 0-0: Called Strike
0-1: Ball
1-1: Foul Ball, location: 2F
1-2: SINGLE (Groundball, 56D)
Batting: LHB Ryan Westlake 0-0: Ball
1-0: Grounds into double play, 3-6-1 (Groundball, 34)
Bottom of the 7th over - 0 run(s), 1 hit(s), 0 error(s), 0 left on base; Grafton 8 - Ft. Worth 1
TOP OF THE 8TH
Grafton Middies batting - Pitching for Ft. Worth Cattlemen : RHP Enrique Cortéz
Batting: LHB Jorge Flores 0-0: Foul Ball, location: 2F
0-1: Swinging Strike
0-2: Ball
1-2: Foul Ball, location: 2F
1-2: Strikes out swinging
Batting: RHB Ramón Gómez 0-0: Foul Ball, location: 2F
0-1: Ball
1-1: Ball
2-1: Ball
3-1: Foul Ball, location: 2F
3-2: Base on Balls
Batting: RHB Orlando Reyes 0-0: SINGLE (Groundball, 4MD)
Ramón Gómez to second
Batting: RHB Jorge López 0-0: Ball
1-0: Ball
2-0: Called Strike
2-1: Called Strike
2-2: Fielders Choice at 2nd, 6-4 (Groundball, 6D)
Ramón Gómez to third
Batting: LHB Mario Ramos 0-0: Ball
1-0: Called Strike
1-1: Foul Ball, location: 2F
1-2: Fly out, F9 (Flyball, 9LS)
Top of the 8th over - 0 run(s), 1 hit(s), 0 error(s), 2 left on base; Grafton 8 - Ft. Worth 1
BOTTOM OF THE 8TH
Ft. Worth Cattlemen batting - Pitching for Grafton Middies : LHP Luis Torres
Batting: SHB Marcos Roa 0-0: Swinging Strike
0-1: Ball
1-1: SINGLE (Flyball, 8LS)
Batting: SHB Robby Day 0-0: SINGLE (Groundball, 6MD)
Marcos Roa to second
Runner from 2nd tries for 3rd, SAFE, throw made to third
Batting: RHB Bart Lewis 0-0: Called Strike
0-1: SINGLE (Flyball, 8LS)
Marcos Roa scores
Robby Day to second
Batting: LHB Chris Etheridge 0-0: Grounds into double play, 3-6-3 (Groundball, 3)
Robby Day to third
Batting: LHB Nobuo Yamashita 0-0: Ball
1-0: Called Strike
1-1: Called Strike
1-2: Strikes out swinging
Bottom of the 8th over - 1 run(s), 3 hit(s), 0 error(s), 1 left on base; Grafton 8 - Ft. Worth 2
TOP OF THE 9TH
Grafton Middies batting - Pitching for Ft. Worth Cattlemen : RHP Enrique Cortéz
Batting: RHB Stefano Gaddi 0-0: TRIPLE (Flyball, 89XD)
Batting: RHB Dave Ash 0-0: Called Strike
0-1: Ground out 5-3 (Groundball, 56)
Stefano Gaddi scores
Batting: RHB Scotty Anderson 0-0: Ground out 5-3 (Groundball, 56)
Batting: RHB Octávio Beltzán 0-0: Ball
1-0: Ball
2-0: Ball
3-0: Base on Balls
Batting: LHB Jorge Flores 0-0: Ball
1-0: Ball
2-0: Foul Ball, location: 2F
2-1: Foul Ball, location: 2F
2-2: Fly out, F7 (Flyball, 78D)
Top of the 9th over - 1 run(s), 1 hit(s), 0 error(s), 1 left on base; Grafton 9 - Ft. Worth 2
BOTTOM OF THE 9TH
Ft. Worth Cattlemen batting - Pitching for Grafton Middies : LHP Luis Torres
Batting: RHB Orlando Montoya 0-0: Ground out 5-3 (Groundball, 56S)
Batting: LHB Jesús Morales 0-0: Swinging Strike
0-1: Ground out 4-3 (Groundball, 4)
Batting: RHB Tim Burney 0-0: Called Strike
0-1: Ball
1-1: Fly out, F3 (Line Drive, 34)
Bottom of the 9th over - 0 run(s), 0 hit(s), 0 error(s), 0 left on base; Grafton 9 - Ft. Worth 2
Friday, August 25th, 2017 - OOTP Baseball 17.12 Build 75